TEX
CORPUS CHRISTI HOOKS @ TULSA DRILLERS
07/03/2099
 
TOP OF THE 1ST
Corpus Christi Hooks batting - Pitching for Tulsa Drillers : LHP Bill Whitcomb
Pitching: LHP Bill Whitcomb
Batting: LHB Jesse Boal 0-0: Ball
1-0: Called Strike
1-1: Swinging Strike
1-2: Strikes out swinging
Batting: RHB Ryan Avey 0-0: Ball
1-0: Foul Ball, location: 5DF
1-1: Called Strike
1-2: Fly out, F7 (Flyball, 7LS, EV 86.9 MPH)
Batting: RHB Eric Black 0-0: Ball
1-0: Swinging Strike
1-1: Foul Ball, location: 3DF
1-2: Strikes out swinging
Top of the 1st over - 0 runs, 0 hits, 0 errors, 0 left on base; Corpus Christi 0 - Tulsa 0
BOTTOM OF THE 1ST
Tulsa Drillers batting - Pitching for Corpus Christi Hooks : RHP Brian Stearns
Pitching: RHP Brian Stearns
Batting: LHB Tim Moore 0-0: Ball
1-0: Fly out, F7 (Line Drive, 78S, EV 100.6 MPH)
Batting: LHB Mike Saunders 0-0: Ball
1-0: Called Strike
1-1: Ball
2-1: Foul Ball, location: 2F
2-2: Foul Ball, location: 2F
2-2: Strikes out swinging
Batting: RHB Matt Pettit 0-0: Fly out, F8 (Line Drive, 8LXD, EV 93.8 MPH)
Bottom of the 1st over - 0 runs, 0 hits, 0 errors, 0 left on base; Corpus Christi 0 - Tulsa 0
TOP OF THE 2ND
Corpus Christi Hooks batting - Pitching for Tulsa Drillers : LHP Bill Whitcomb
Batting: RHB James Woodard 0-0: Ball
1-0: Foul Ball, location: 2F
1-1: Called Strike
1-2: Foul Ball, location: 23F
1-2: Ball
2-2: Foul Ball, location: 2F
2-2: Foul Ball, location: 2F
2-2: Ball
3-2: Fly out, F9 (Flyball, 89S, EV 88.8 MPH)
Batting: RHB David Warren 0-0: Ball
1-0: Swinging Strike
1-1: Called Strike
1-2: Foul Ball, location: 5DF
1-2: Ball
2-2: Ground out U3 (Groundball, 34, EV 92.5 MPH)
Batting: LHB Malik Lindsey 0-0: Ball
1-0: Called Strike
1-1: Ball
2-1: Swinging Strike
2-2: Strikes out swinging
Top of the 2nd over - 0 runs, 0 hits, 0 errors, 0 left on base; Corpus Christi 0 - Tulsa 0
BOTTOM OF THE 2ND
Tulsa Drillers batting - Pitching for Corpus Christi Hooks : RHP Brian Stearns
Batting: LHB Russ Henson 0-0: Called Strike
0-1: Ball
1-1: Ball
2-1: Ball
3-1: Swinging Strike
3-2: Foul Ball, location: 9LDF
3-2: Foul Ball, location: 23FF
3-2: Strikes out looking
Batting: LHB Greg Schlitt 0-0: Ball
1-0: Foul Ball, location: 5FF
1-1: Ball
2-1: Foul Ball, location: 2F
2-2: SINGLE (Groundball, 4M, EV 105.6 MPH)
Batting: RHB Ryan Gaines 0-0: Ball
Greg Schlitt steals 2nd base
1-0: Ball
2-0: Called Strike
2-1: Ball
3-1: Ground out 6-3 (Groundball, 6S, EV 86.3 MPH)
Greg Schlitt to third
Batting: LHB Aaron Himebauch 0-0: Ball
1-0: Called Strike
1-1: Ground out 4-3 (Groundball, 4, EV 107.5 MPH)
Bottom of the 2nd over - 0 runs, 1 hit, 0 errors, 1 left on base; Corpus Christi 0 - Tulsa 0
TOP OF THE 3RD
Corpus Christi Hooks batting - Pitching for Tulsa Drillers : LHP Bill Whitcomb
Batting: RHB Curtis Wilbur 0-0: Ball
1-0: Ball
2-0: Swinging Strike
2-1: Called Strike
2-2: SINGLE (Groundball, 6MD, EV 101.3 MPH)
Pitching: RHP Pedro Flores
Batting: RHB Jason McCormick 0-0: Called Strike
0-1: Swinging Strike
0-2: Ball
1-2: Foul Ball, location: 9LDF
1-2: Grounds into double play, 6-4-3 (Groundball, 56, EV 88.8 MPH)
Batting: RHB Dave Alley 0-0: Ball
1-0: Swinging Strike
1-1: Foul Ball, location: 7LSF
1-2: Fly out, F9 (Flyball, 9D, EV 98.8 MPH)
Top of the 3rd over - 0 runs, 1 hit, 0 errors, 0 left on base; Corpus Christi 0 - Tulsa 0
BOTTOM OF THE 3RD
Tulsa Drillers batting - Pitching for Corpus Christi Hooks : RHP Brian Stearns
Batting: RHB Mike Buckner 0-0: Ball
1-0: Ball
2-0: Ball
3-0: Base on Balls
Batting: RHB Jordan Saray 0-0: Ball
1-0: Called Strike
1-1: Called Strike
1-2: Foul Ball, location: 2F
1-2: Foul Ball, location: 9LSF
1-2: Foul Ball, location: 9LMF
1-2: Ball
2-2: Strikes out swinging
Batting: LHB Tim Moore 0-0: Ball
1-0: Ball
2-0: Called Strike
2-1: Called Strike
2-2: Ball
3-2: Grounds into double play, 4-6-3 (Groundball, 4, EV 103.8 MPH)
Bottom of the 3rd over - 0 runs, 0 hits, 0 errors, 0 left on base; Corpus Christi 0 - Tulsa 0
TOP OF THE 4TH
Corpus Christi Hooks batting - Pitching for Tulsa Drillers : RHP Pedro Flores
Batting: LHB Jesse Boal 0-0: Ball
1-0: Ball
2-0: Fly out, F7 (Line Drive, 78M, EV 96.9 MPH)
Batting: RHB Ryan Avey 0-0: Swinging Strike
0-1: Ball
1-1: Ball
2-1: Foul Ball, location: 2F
2-2: Ball
3-2: DOUBLE (Flyball, 89D, EV 97.5 MPH)
Batting: RHB Eric Black 0-0: Ball
1-0: Foul Ball, location: 9LMF
1-1: Ground out 5-3 (Groundball, 56S, EV 88.1 MPH)
Batting: RHB James Woodard 0-0: Foul Ball, location: 3F
0-1: Foul Ball, location: 3DF
0-2: Strikes out looking
Top of the 4th over - 0 runs, 1 hit, 0 errors, 1 left on base; Corpus Christi 0 - Tulsa 0
BOTTOM OF THE 4TH
Tulsa Drillers batting - Pitching for Corpus Christi Hooks : RHP Brian Stearns
Batting: LHB Mike Saunders 0-0: Called Strike
0-1: Ball
1-1: Fly out, F7 (Flyball, 7S, EV 93.1 MPH)
Batting: RHB Matt Pettit 0-0: Ball
1-0: Ball
2-0: Called Strike
2-1: Fly out, F8 (Line Drive, 8RM, EV 102.5 MPH)
Batting: LHB Russ Henson 0-0: Fly out, F9 (Flyball, 89D, EV 104.4 MPH)
Bottom of the 4th over - 0 runs, 0 hits, 0 errors, 0 left on base; Corpus Christi 0 - Tulsa 0
TOP OF THE 5TH
Corpus Christi Hooks batting - Pitching for Tulsa Drillers : RHP Pedro Flores
Batting: RHB David Warren 0-0: SINGLE (Groundball, 6MS, EV 71.3 MPH) (infield hit)
Batting: LHB Malik Lindsey 0-0: Ball
1-0: Ball
2-0: Called Strike
2-1: Ball
3-1: Fielders Choice at 2nd, 4-6 (Groundball, 34, EV 90.0 MPH)
Batting: RHB Curtis Wilbur 0-0: Called Strike
0-1: Fly out, F3 (Popup, 3SF, EV 70.6 MPH)
Batting: RHB Jason McCormick 0-0: Ball
Malik Lindsey steals 2nd base
1-0: Intentional Walk
Batting: RHB Dave Alley 0-0: Called Strike
0-1: Fly out, F7 (Flyball, 78S, EV 92.5 MPH)
Top of the 5th over - 0 runs, 1 hit, 0 errors, 2 left on base; Corpus Christi 0 - Tulsa 0
BOTTOM OF THE 5TH
Tulsa Drillers batting - Pitching for Corpus Christi Hooks : RHP Brian Stearns
Batting: LHB Greg Schlitt 0-0: Swinging Strike
0-1: Ball
1-1: Called Strike
1-2: Ball
2-2: Foul Ball, location: 7LMF
2-2: Strikes out swinging
Batting: RHB Ryan Gaines 0-0: Ground out 4-3 (Groundball, 4, EV 91.9 MPH)
Batting: LHB Aaron Himebauch 0-0: Ball
1-0: Foul Ball, location: 7LMF
1-1: Ball
2-1: Fly out, F2 (Popup, 25F, EV 92.5 MPH)
Bottom of the 5th over - 0 runs, 0 hits, 0 errors, 0 left on base; Corpus Christi 0 - Tulsa 0
TOP OF THE 6TH
Corpus Christi Hooks batting - Pitching for Tulsa Drillers : RHP Pedro Flores
Batting: LHB Jesse Boal 0-0: SINGLE (Line Drive, 9S, EV 86.9 MPH)
Batting: RHB Ryan Avey 0-0: Called Strike
0-1: Ball
1-1: Ball
2-1: Ball
3-1: Called Strike
3-2: Foul Ball, location: 9LDF
3-2: Fly out, F4 (Popup, 4, EV 72.5 MPH)
Batting: RHB Eric Black 0-0: Ball
1-0: Fly out, F9 (Flyball, 89D, EV 111.9 MPH)
Batting: RHB James Woodard 0-0: Ball
Jesse Boal steals 2nd base
1-0: Intentional Walk
Batting: RHB David Warren 0-0: Called Strike
0-1: Ball
1-1: Ball
2-1: Foul Ball, location: 23F
2-2: Fielders Choice at 2nd, U4 (Groundball, 4M, EV 85.6 MPH)
Top of the 6th over - 0 runs, 1 hit, 0 errors, 2 left on base; Corpus Christi 0 - Tulsa 0
BOTTOM OF THE 6TH
Tulsa Drillers batting - Pitching for Corpus Christi Hooks : RHP Brian Stearns
Batting: RHB Mike Buckner 0-0: Ball
1-0: Ball
2-0: Ball
3-0: Called Strike
3-1: Called Strike
3-2: Base on Balls
Batting: RHB Jordan Saray 0-0: Called Strike
0-1: SINGLE (Line Drive, 7S, EV 100.0 MPH)
Mike Buckner to second
Batting: LHB Tim Moore 0-0: Ball
1-0: Called Strike
1-1: Called Strike
1-2: Ball
2-2: Ball
3-2: Fly out, F7 (Line Drive, 78S, EV 86.9 MPH)
Batting: LHB Mike Saunders 0-0: Called Strike
0-1: Called Strike
0-2: 3-RUN HOME RUN (Flyball, 7D, EV 88.8 MPH), Distance : 339 ft
Batting: RHB Matt Pettit 0-0: Called Strike
0-1: Foul Ball, location: 5FF
0-2: Ground out 5-3 (Groundball, 56S, EV 74.4 MPH)
Batting: LHB Russ Henson 0-0: SOLO HOME RUN (Flyball, 89XD, EV 98.8 MPH), Distance : 381 ft
Batting: LHB Greg Schlitt 0-0: Called Strike
0-1: Ball
1-1: Swinging Strike
1-2: Foul Ball, location: 2RF
1-2: DOUBLE (Line Drive, 8RXD, EV 106.9 MPH)
Batting: RHB Ryan Gaines 0-0: Ball
1-0: Foul Ball, location: 2F
1-1: Ball
2-1: Called Strike
2-2: SINGLE (Flyball, 3D, EV 95.6 MPH)
Greg Schlitt to third
Runner from 3rd tries for Home, throw by RF and OUT! 9-2
Bottom of the 6th over - 4 runs, 5 hits, 0 errors, 1 left on base; Corpus Christi 0 - Tulsa 4
TOP OF THE 7TH
Corpus Christi Hooks batting - Pitching for Tulsa Drillers : RHP Pedro Flores
Now at 1B: Tyler Rivas
Batting: LHB Malik Lindsey 0-0: Ball
1-0: Called Strike
1-1: Ball
2-1: Swinging Strike
2-2: Ball
3-2: Foul Ball, location: 9LMF
3-2: Fly out, F5 (Popup, 15S, EV 84.4 MPH)
Batting: RHB Curtis Wilbur 0-0: Ball
1-0: Ball
2-0: Foul Ball, location: 25FF
2-1: Fly out, F9 (Line Drive, 9S, EV 90.0 MPH)
Batting: RHB Jason McCormick 0-0: Swinging Strike
0-1: Called Strike
0-2: Fly out, F7 (Flyball, 78S, EV 93.8 MPH)
Top of the 7th over - 0 runs, 0 hits, 0 errors, 0 left on base; Corpus Christi 0 - Tulsa 4
BOTTOM OF THE 7TH
Tulsa Drillers batting - Pitching for Corpus Christi Hooks : RHP Brian Stearns
Batting: LHB Aaron Himebauch 0-0: Called Strike
0-1: Ball
1-1: Ground out 6-3 (Groundball, 56D, EV 100.6 MPH)
Batting: RHB Mike Buckner 0-0: Ball
1-0: Fly out, F8 (Flyball, 8LD, EV 103.8 MPH)
Batting: RHB Jordan Saray 0-0: Ball
1-0: SINGLE (Groundball, 4MD, EV 101.9 MPH)
Batting: LHB Tim Moore 0-0: Fly out, F8 (Flyball, 8LD, EV 109.4 MPH)
Bottom of the 7th over - 0 runs, 1 hit, 0 errors, 1 left on base; Corpus Christi 0 - Tulsa 4
TOP OF THE 8TH
Corpus Christi Hooks batting - Pitching for Tulsa Drillers : RHP Pedro Flores
Pitching: RHP Ralph Spiteri
Batting: RHB Dave Alley 0-0: Ball
1-0: Called Strike
1-1: Ground out 5-3 (Groundball, 5S, EV 70.0 MPH)
Batting: LHB Jesse Boal 0-0: Ball
1-0: Called Strike
1-1: Called Strike
1-2: Ball
2-2: Strikes out swinging
Batting: RHB Ryan Avey 0-0: Ball
1-0: Called Strike
1-1: SINGLE (Flyball, 3D, EV 90.6 MPH)
Batting: RHB Eric Black 0-0: Swinging Strike
0-1: Swinging Strike
0-2: Fly out, F7 (Flyball, 7S, EV 90.6 MPH)
Top of the 8th over - 0 runs, 1 hit, 0 errors, 1 left on base; Corpus Christi 0 - Tulsa 4
BOTTOM OF THE 8TH
Tulsa Drillers batting - Pitching for Corpus Christi Hooks : RHP Brian Stearns
Batting: RHB Tyler Rivas 0-0: Ball
1-0: Ground out 5-3 (Groundball, 56S, EV 91.9 MPH)
Batting: RHB Matt Pettit 0-0: Ball
1-0: Swinging Strike
1-1: Foul Ball, location: 2F
1-2: SINGLE (Line Drive, 7LS, EV 105.0 MPH)
Pitching: RHP Chris Rockwell
Batting: LHB Russ Henson 0-0: Ball
1-0: Ball
2-0: Foul Ball, location: 2F
2-1: Called Strike
Matt Pettit steals 2nd base
2-2: Ball
3-2: Foul Ball, location: 2F
3-2: Strikes out swinging
Batting: LHB Greg Schlitt 0-0: Ball
1-0: Ground out 5-3 (Groundball, 56, EV 103.1 MPH)
Bottom of the 8th over - 0 runs, 1 hit, 0 errors, 1 left on base; Corpus Christi 0 - Tulsa 4
TOP OF THE 9TH
Corpus Christi Hooks batting - Pitching for Tulsa Drillers : RHP Ralph Spiteri
Batting: RHB James Woodard 0-0: Foul Ball, location: 2F
0-1: Ground out 6-3 (Groundball, 6, EV 102.5 MPH)
Batting: RHB David Warren 0-0: Ball
1-0: Called Strike
1-1: Swinging Strike
1-2: Fly out, F8 (Line Drive, 8LD, EV 104.4 MPH)
Batting: LHB Malik Lindsey 0-0: Called Strike
0-1: Ball
1-1: Ball
2-1: Ground out 6-3 (Groundball, 56, EV 93.8 MPH)
Top of the 9th over - 0 runs, 0 hits, 0 errors, 0 left on base; Corpus Christi 0 - Tulsa 4
Friday, May 10th , 2024 - OOTP Baseball 24.11 Build 85